[Event "SixDays Budapest GM-B 10-2024"]
[Site "Budapest"]
[Date "2024.10.03"]
[Round "6.1"]
[White "Galyas, Miklos"]
[Black "Wagh Suyog"]
[Result "0-1"]
[ECO "A46"]
[WhiteElo "2394"]
[BlackElo "2341"]
[Annotator "RC"]
[PlyCount "88"]
[EventDate "2024.09.24"]
[EventType "tourn"]
[EventCountry "HUN"]
[SourceTitle "playchess.com"]
[Source "ChessBase"]
[SourceQuality "1"]
[TimeControl "5400+30"]

1. d4 Nf6 2. Nf3 e6 3. g3 b5 4. Bg2 Bb7 5. O-O c5 6. Bg5 d5 7. a4 b4 8. c3 Na6 9. cxb4 Nxb4 10. Nc3 Be7 11. dxc5 Bxc5 12. Rc1 Rc8 13. Ne5 h6 14. Bf4 O-O 15. Nb5 Qb6 16. Qd2 a6 17. Bxh6 gxh6 18. Qxh6 axb5 19. Qg5+ Kh7 20. Qxf6 Qd8 21. Qxd8 Rfxd8 22. Nxf7 Re8 23. axb5 Kg7 24. Ne5 Bd4 25. Nf3 Bxb2 26. Rb1 Rc2 27. e3 Nd3 28. Nd4 Bxd4 29. exd4 Nb2 30. Rfc1 Rxc1+ 31. Rxc1 Nc4 32. Ra1 Kf6 33. Bf1 Rb8 34. Rc1 Ra8 35. h4 Ra4 36. g4 Rb4 37. Bd3 Rxb5 38. g5+ Kf7 39. Kh2 Rb2 40. Rc2 Rb3 41. Bxc4 dxc4 42. Rxc4 Kg6 43. Rc7 Bd5 44. Rc8 Kh5 0-1

[Event "SixDays Budapest GM-B 10-2024"]
[Site "Budapest"]
[Date "2024.10.03"]
[Round "6.2"]
[White "Vinter-Schou, Uffe"]
[Black "Grover, Sahaj"]
[Result "0-1"]
[ECO "C47"]
[WhiteElo "2307"]
[BlackElo "2496"]
[Annotator "TA"]
[PlyCount "94"]
[EventDate "2024.09.24"]
[EventType "tourn"]
[EventCountry "HUN"]
[SourceTitle "playchess.com"]
[Source "ChessBase"]
[SourceQuality "1"]
[TimeControl "5400+30"]

1. e4 e5 2. Nf3 Nc6 3. Nc3 Nf6 4. g3 Bc5 5. Bg2 d6 6. d3 a6 7. O-O O-O 8. h3 h6 9. Kh2 Be6 10. Be3 Bb4 11. a3 {[%emt 0:10:50] The position is equal.} Bxc3 12. bxc3 d5 13. exd5 $1 Nxd5 14. Bc5 Re8 (14... Nxc3 15. Qe1 e4 16. dxe4 $18 (16. Qxc3 exf3 17. Bxf3 Re8 $14)) 15. c4 Nf6 16. Nd2 Bf5 17. Re1 Qd7 18. Qf3 (18. Bb4 $14) 18... Bg6 19. Rab1 Rab8 20. g4 Re6 21. Qg3 b6 22. Be3 Rbe8 23. Rbd1 Nd4 24. Bxd4 Qxd4 {[%emt 0:00:12] White is on the road to losing.} ({Much weaker is} 24... exd4 $6 25. f4 $11) 25. Nf1 Qc3 {[%emt 0:03:47][%csl LRa3,LRc2] Black is much more active.} 26. Ne3 Qxa3 27. Nd5 {[%emt 0:00:54] Repels Qc3} Qd6 28. d4 {[%emt 0:02:11] [#]} ({White should play} 28. Nxf6+ Rxf6 29. d4) 28... exd4 $1 $17 29. Rxe6 fxe6 30. Nxc7 Rd8 31. Rd2 {[%emt 0:02:05] [#]} (31. Qxd6 $17 {was called for.} Rxd6 32. Rd2) 31... e5 $1 $19 32. Nd5 Ne4 33. Bxe4 Bxe4 34. f4 exf4 35. Qxf4 Bxd5 36. Qxd6 Rxd6 37. Rxd4 {[%emt 0:00:14][%cal Oh2g3] [#]} Rc6 $1 38. cxd5 Rxc2+ {[%emt 0:00:06][%mdl 4096] Endgame. KR-KR} 39. Kg3 Kf7 40. Re4 (40. d6 $142 Ke8 41. Re4+ Kd7 42. Re7+ Kxd6 43. Rxg7) 40... a5 41. Kf4 b5 42. Ke3 Rc3+ 43. Kd2 Rc5 ({Not} 43... Rxh3 44. d6 Rh2+ 45. Kd1 $11) 44. Re5 (44. d6) 44... b4 45. Kd3 b3 {[%emt 0:00:06] White must now prevent ...b2.} 46. Re2 a4 {[%emt 0:00:20][%cal Oa4a3] Hoping for ...a3!} 47. Kd4 Rc2 {[%emt 0:00:39] Weighted Error Value: White=0.62/Black=0.08 (flawless) .  Mistake:       	White=5     	---        Inaccurate:     	White=5     	Black=1      OK:         	White=13    	Black=21     Best:        	White=1     	Black=1      Strong:       	White=1     	---} 0-1

[Event "SixDays Budapest GM-B 10-2024"]
[Site "Budapest"]
[Date "2024.10.03"]
[Round "6.3"]
[White "Boyer, Mahel"]
[Black "Tippa, Aswath Srisai"]
[Result "1/2-1/2"]
[ECO "A06"]
[WhiteElo "2489"]
[BlackElo "1648"]
[Annotator "TA"]
[PlyCount "83"]
[EventDate "2024.09.24"]
[EventType "tourn"]
[EventCountry "HUN"]
[SourceTitle "playchess.com"]
[Source "ChessBase"]
[SourceQuality "1"]
[TimeControl "5400+30"]

1. Nf3 d5 2. g3 Nf6 3. Bg2 c5 4. O-O Nc6 5. d4 e6 6. c4 dxc4 7. dxc5 Qxd1 {[%emt 0:00:49] E04: Open Catalaans: 5 Pf3.} 8. Rxd1 Bxc5 {[%emt 0:00:19] OK} 9. Nfd2 {[%emt 0:02:37] Fout (0.8)} (9. Nbd2 $1 $16) 9... Ne5 {[%emt 0:09:14] Onnauwkeurig} 10. Na3 Bxa3 {[%emt 0:10:25] OK} 11. bxa3 Nd5 12. Ne4 {[%emt 0:12:16][%mdl 1024] Wit heeft sterke compensatie. OK} c3 $146 {[%emt 0:01:00] Ontwijkt Bb2. Onnauwkeurig} ({Predecessor:} 12... O-O 13. Bb2 Nc6 14. Rac1 b5 15. Nc5 Rd8 16. e4 Nb6 17. Rxd8+ Nxd8 18. Rd1 Nb7 {½-½ Gupta,A (2606)-Yakubboev,N (2587) Asian Continental blitz op 2019 (5)}) 13. a4 a5 {[%emt 0:08:00] Fout (0.8)} (13... c2 14. Rd2 O-O) 14. Nd6+ $16 {[%emt 0:04:42] Beste (Gemakkelijk)} Ke7 {[%emt 0:00:59] OK} {Wit zou moeten spelen} 15. Nb5 {[%emt 0:23:14] Wit is actiever. Fout (0.9)} (15. Ba3 $1 $16 Nb4 16. f4) 15... Bd7 $14 {[%emt 0:02:08] Hoopt vervolgens op ...Bxb5. OK} 16. Ba3+ {[%emt 0:09:04] Fout (0.9)} (16. Bxd5 $14 exd5 17. Nxc3 (17. Rxd5 Nc4 $16)) 16... Nb4 {[%emt 0:01:23] Fout (0.5)} (16... Kf6 $15 17. Rxd5 exd5 18. Nxc3 Bc6) 17. Rd4 $2 {[%emt 0:02:08] en Wit blijft veilig. Verliest partij (2.4)} (17. Bxb7 $2 Rab8 18. Be4 (18. Ba6 $2 Rb6 $19) 18... Bxb5 19. axb5 Rxb5 $19) (17. Nxc3 $11 Nc4 18. Bc1) 17... Bxb5 $19 {[%emt 0:04:02] Beste (Gemakkelijk)} 18. axb5 {[%emt 0:00:04][%cal Rd4b4] Sterke dreiging met Rxb4.} Rac8 $1 {[%emt 0:06:40] En nu zou ...Nc4 winnen. Sterk} 19. Bxb7 Rc4 {[%emt 0:01:46] OK} 20. Re4 Rxe4 {[%emt 0:02:57] OK} 21. Bxe4 Nc4 {[%emt 0:00:34] Onnauwkeurig} 22. Bc1 {[%emt 0:00:31] OK} Nd6 {[%emt 0:03:16][%csl LRb5,LRe4] OK} 23. a3 {[%emt 0:01:14] OK} Nxe4 {[%emt 0:02:28] Beste (Gemakkelijk)} 24. axb4 {[%emt 0:00:03] OK} axb4 {[%emt 0:00:15][%mdl 4096] Eindspel. KRB-KRN. Onnauwkeurig} 25. Ra4 {Zwart zou moeten proberen} Rd8 {[%emt 0:20:52] Fout (1.3)} (25... Nd6 $1 $17 {...b3 is de sterke dreiging.} 26. Bg5+ (26. Rxb4 Ra8 $17) 26... f6 27. Ra7+ Ke8 (27... Kd8 $2 28. Bc1 $19)) 26. Rxb4 $11 {[%emt 0:00:05][%cal Oc1a3] OK} Rd1+ {[%emt 0:00:21] OK} 27. Kg2 {[%emt 0:00:02][%cal Ob5b6] Zwart moet nu b6! voorkomen.} Nd6 28. Ba3 {[%emt 0:02:40] OK} Ra1 (28... Ke8 $5 29. b6 $8 Ra1 $11 (29... Nb7 30. Rc4 $16)) 29. Ra4 {[%emt 0:00:10] OK} Kd8 {[%emt 0:11:16] Fout (1.2)} (29... Ke8 $11 30. Ra8+ Kd7 31. Ra7+ Ke8 32. Ra8+ Kd7 33. Ra7+ Kd8) {Beter is} 30. Ra8+ {[%emt 0:00:31] Fout (1.2)} (30. Ra6 $1 $16 Nxb5 31. Be7+ Kxe7 32. Rxa1) 30... Kd7 {[%emt 0:00:10] OK} 31. Ra7+ {[%emt 0:00:07] Beste (Gemakkelijk)} Kd8 {[%emt 0:01:22] [#] Houdt de partij in balans. Fout (1.2)} (31... Ke8 $1 $11 32. Ra8+ Kd7 33. Ra7+ Ke8 34. Ra8+ Kd7) {Wit kan overwegen. Wit moet spelen} 32. Ra8+ {[%emt 0:00:23] Fout (1.2)} (32. Ra6 $1 $16 Nxb5 33. Be7+ Kxe7 34. Rxa1) 32... Kd7 {[%emt 0:00:04] OK} 33. Ra7+ {[%emt 0:00:10] Beste (Gemakkelijk)} Kd8 {[%emt 0:00:34] [#] Fout (1.0)} (33... Ke8 $1 $11 34. Ra8+ Kd7) 34. b6 {[%emt 0:01:29] Fout (1.0)} (34. Ra6 $1 $16 Nxb5 35. Be7+ Kxe7 36. Rxa1) 34... c2 {[%emt 0:00:16][%cal Oa1a3] OK. De stelling is in evenwicht.} 35. b7 $1 {[%emt 0:00:15] Sterk} Rb1 $1 {[%emt 0:00:08] Sterk} 36. Ra8+ {[%emt 0:00:41] Beste (Gemakkelijk)} ({Ondeugdelijk is} 36. Bxd6 c1=Q (36... c1=B $2 {vergaat.} 37. b8=Q+ Rxb8 38. Bxb8 $18) 37. b8=Q+ Rxb8 38. Bxb8 Qc6+ 39. Kg1 Ke8 $17) 36... Kc7 {[%emt 0:00:06] [#] Beste (Gemakkelijk)} 37. b8=Q+ {[%emt 0:00:41] OK} Rxb8 {[%emt 0:00:10] Beste (Gemakkelijk)} 38. Rxb8 c1=Q $1 {[%emt 0:01:18] Sterk} 39. Bxc1 {[%emt 0:00:08] OK} Kxb8 {[%emt 0:00:06] OK} 40. Bf4 Kc7 {[%emt 0:00:09] OK} 41. Kf3 f6 42. e4 {[%emt 0:01:30] En Wit is de gelukkige verdediger.   Blunder waarde: Wit=0.35/Zwart=0.31.  Verliest partij:   	Wit=1      	---        Fout:        	Wit=6      	Zwart=6      Onnauwkeurig:    	---       	Zwart=4      OK:         	Wit=9      	Zwart=13     Beste:        	Wit=4      	Zwart=4      Sterk:        	Wit=1      	Zwart=3} 1/2-1/2

[Event "SixDays Budapest GM-B 10-2024"]
[Site "Budapest"]
[Date "2024.10.03"]
[Round "6.4"]
[White "Xie, Felix"]
[Black "Kovalev, Andrei"]
[Result "0-1"]
[ECO "B41"]
[WhiteElo "2320"]
[BlackElo "2412"]
[Annotator "RC"]
[PlyCount "76"]
[EventDate "2024.09.24"]
[EventType "tourn"]
[EventCountry "HUN"]
[SourceTitle "playchess.com"]
[Source "ChessBase"]
[SourceQuality "1"]
[TimeControl "5400+30"]

1. e4 c5 2. Nf3 e6 3. d4 cxd4 4. Nxd4 a6 5. g3 d5 6. Nb3 Nf6 7. exd5 exd5 8. Bg2 Bb4+ 9. c3 Be7 10. O-O Nc6 11. Bg5 Be6 12. Nd4 Nxd4 13. Qxd4 h6 14. Bf4 Rc8 15. Nd2 O-O 16. Qd3 Qd7 17. Nf3 Bf5 18. Qd1 Bh3 19. Be5 Bxg2 20. Kxg2 Ne4 21. Qd3 Rfd8 22. Bd4 Bd6 23. Bb6 Bc7 24. Bxc7 Qxc7 25. Nd4 Qd7 26. Rad1 Re8 27. Rfe1 Re5 28. Nf3 Rh5 29. h4 Qg4 30. Qe2 Rf5 31. Nh2 Qg6 32. Rf1 Rc6 33. Qg4 Qf6 34. Qe2 Re6 35. Qc2 Qg6 36. h5 Qxh5 37. Rd3 Nxf2 38. Rf3 Qh3+ 0-1

[Event "SixDays Budapest GM-B 10-2024"]
[Site "Budapest"]
[Date "2024.10.03"]
[Round "6.5"]
[White "Lee, Junhyeok"]
[Black "Wu, Yixing"]
[Result "1/2-1/2"]
[ECO "B57"]
[WhiteElo "2364"]
[BlackElo "2324"]
[Annotator "TA"]
[PlyCount "98"]
[EventDate "2024.09.24"]
[EventType "tourn"]
[EventCountry "HUN"]
[SourceTitle "playchess.com"]
[Source "ChessBase"]
[SourceQuality "1"]
[TimeControl "5400+30"]

1. e4 c5 2. Nf3 d6 3. d4 cxd4 4. Nxd4 Nf6 5. Nc3 Nc6 6. Bc4 Qb6 7. Nb3 e6 8. Bf4 $1 {[%emt 0:00:21][%mdl 4] is more profitable than 8.0-0 at the moment.} Ne5 9. Be2 Bd7 10. Qd2 {[%emt 0:00:38] B57: Classical Sicilian: Sozin with 6...Qb6.} Be7 11. f3 a6 12. g4 Qc7 13. g5 $146 ({Predecessor:} 13. O-O-O b5 14. a3 Rc8 15. Kb1 Nc4 16. Bxc4 bxc4 17. Nc1 e5 18. g5 Nh5 19. Be3 {½-½ Lorenzo de la Riva,L (2404)-Abal Cores,L (2339) ESP-chT CECLUB Div1 2023 (6.3)}) 13... Nh5 14. Be3 Nc4 (14... b5 $11) 15. Bxc4 $14 Qxc4 16. O-O-O b5 17. Kb1 b4 18. Ne2 $36 {[%emt 0:00:23][%mdl 2048] White has some pressure.} a5 19. Nc5 Bb5 (19... Bc6 $11 20. Nd3 (20. b3 Qb5 $11) 20... Rd8) 20. Nd3 $16 a4 21. Nd4 $1 (21. Qxb4 $2 Qxb4 22. Nxb4 Bxe2 $19) 21... Bd7 22. Nxb4 O-O 23. c3 Rfb8 24. a3 g6 25. Ne2 Ra5 (25... e5 $142) 26. Ng3 Ng7 27. h4 {[%emt 0:00:48][%cal Bh2h4,Bh4h5,Bh5g6][%mdl 32] Strongly threatening h5.} Rab5 28. h5 e5 $2 (28... Be8 29. Ka1 (29. h6 Nh5 $18) 29... Bf8) 29. hxg6 $18 Be6 $2 (29... Rxb4 30. gxh7+ (30. cxb4 Be6 $18) (30. axb4 fxg6 31. Kc1 Be6 $16) 30... Kh8 31. axb4 (31. cxb4 Be6 $14) 31... Be6) 30. Qh2 fxg6 31. Qxh7+ Kf7 32. Rh6 Rxb4 33. Qxg6+ Kg8 34. axb4 {[%emt 0:00:39] Rh7 would kill now.} ({Not} 34. cxb4 Qa2+ 35. Kc1 Rc8+ 36. Kd2 Qb3 37. Qh7+ Kf7 38. g6+ Ke8 $16) 34... Qa2+ 35. Kc2 {[%emt 0:00:31][%cal Bb1c2,Bc2d3,Bd3c4,Bc4d5,Bd5c6,Bc6b7,Bb7a8][%mdl 32] White wants to mate with Nh5.} a3 36. Nh5 $2 (36. Rdh1 $18 Kf8 37. Rh7 (37. Rh8+ Bg8 $18)) 36... Qxb2+ $11 37. Kd3 Bc4+ $1 38. Kxc4 Qe2+ 39. Kd5 Qxd1+ 40. Bd4 Qb3+ 41. c4 Rb5+ 42. Bc5 Rxc5+ 43. bxc5 Qd1+ 44. Kc6 Qa4+ 45. Kb7 Qb4+ 46. Ka8 Qa5+ 47. Kb7 $1 Qb4+ 48. Ka8 Qa5+ 49. Kb7 Qb4+ 1/2-1/2